 Dungeon Crawl Stone Soup version 0.28.0-53-g5a82cb258f (webtiles) character file.

Game seed: 13942021862324725330

647 Descartes the Shield-Bearer (level 7, -1/55 HPs)
             Began as a Formicid Fighter on Aug 21, 2022.
             Succumbed to Duvessa's poison
             ... on level 4 of the Dungeon.
             The game lasted 00:06:32 (3714 turns).

Descartes the Shield-Bearer (Formicid Fighter)      Turns: 3714, Time: 00:06:32

Health: -1/55      AC: 10    Str: 20 (21) XL:     7   Next: 82%
Magic:  7/7        EV: 13    Int:  6 (7)  God:
Gold:   146        SH:  5    Dex: 11 (12) Spells: 6/6 levels left

rFire   + . .      SeeInvis +   o - +2 demon blade (elec)
rCold   + . .      Faith    .   c - +0 buckler
rNeg    . . .      Spirit   .   b - +0 scale mail
rPois   +          Reflect  .   (helmet unavailable)
rElec   +          Harm     .   r - +0 cloak
rCorr   +          Rampage  .   (no gloves)
Will    .....                   y - +1 pair of boots
Stlth   ..........              (no amulet)
HPRegen 0.18/turn               B - +4 ring of evasion
MPRegen 0.10/turn               (no ring)

@: mighty, lethally poisoned (-1 -> -20), resistant, flying
A: permanent stasis, dig shafts and tunnels, antennae 3, four strong arms
a: Dig, Shaft Self


You were on level 4 of the Dungeon.
You visited 1 branch of the dungeon, and saw 4 of its levels.

You collected 146 gold pieces.

Inventory:

Hand Weapons
 a - a +0 war axe
 o - a +2 demon blade of electrocution (weapon)
 q - a +4 quarterstaff of chaos
 v - a +2 falchion of holy wrath
 z - a +2 dagger of venom
 A - a +0 halberd
Missiles
 h - 154 stones
 i - 8 poisoned darts
 n - 24 arrows
 s - 3 silver boomerangs
Armour
 b - a +0 scale mail (worn)
 c - a +0 buckler (worn)
 r - a +0 cloak (worn)
 y - a +1 pair of boots (worn)
Magical Staves
 w - a staff of earth
Jewellery
 B - a +4 ring of evasion (left hand)
Scrolls
 e - a scroll of brand weapon {unknown}
 f - a scroll of immolation {unknown}
 g - 2 scrolls of identify {unknown}
 l - a scroll of magic mapping {unknown}
 m - a scroll of blinking {unknown}
 t - a scroll of vulnerability {unknown}
Potions
 x - a potion of brilliance {unknown}


   Skills:
 + Level 4.4 Fighting
 * Level 2.6 Long Blades
 - Level 2.4(2.6) Axes
 - Level 0.6(1.6) Maces & Flails
 - Level 0.8(1.7) Polearms
 * Level 5.0 Armour
 * Level 5.5 Shields
 + Level 2.3 Hexes
 + Level 1.7 Translocations
 + Level 2.4 Evocations


You had 6 spell levels left.
You didn't know any spells.
Your spell library contained the following spells:

 Spells                   Type           Power      Damage    Failure   Level
 Animate Skeleton         Necr           0%         N/A       85%         1
 Freeze                   Ice            0%         1d3       85%         1
 Pain                     Necr           0%         1d4       85%         1
 Frozen Ramparts          Ice            0%         1d2       99%         3
 Vampiric Draining        Necr           0%         2d6       99%         3
 Hailstorm                Conj/Ice       0%         3d3       100%        4


Dungeon Overview and Level Annotations

Branches:
Dungeon (4/15)
 Temple: D:4-7

Altars:
Nemelex Xobeh
Wu Jian
Zin

Annotations:
D:4 2 transporters, Dowan, Duvessa


Innate Abilities, Weirdness & Mutations

You cannot be hasted, slowed, berserked, paralysed or teleported.
You can dig through walls and to a lower floor.
You have a pair of large antennae on your head. (SInv)
Your four strong arms can wield two-handed weapons with a shield.


Message History

You hit Duvessa but do no damage.
Duvessa is lightly wounded.
You feel very sick.
Dowan gestures wildly while chanting.
Dowan blinks!
You block Duvessa's attack.
You feel very mighty all of a sudden.
You feel very sick. You block the kobold's attack.
Dowan's feet meld with the ground, briefly.
Duvessa hits you with a +4 short sword of venom!
* * * LOW HITPOINT WARNING * * *
You are more poisoned.
It was a potion of berserk rage.
Your stasis prevents you from going berserk.
* * * LOW HITPOINT WARNING * * *
You feel very sick. The kobold closely misses you.
Duvessa completely misses you.
It was a potion of degeneration.
There was something very wrong with that liquid.
You feel weakened.
You feel dopey.
You feel clumsy.
* * * LOW HITPOINT WARNING * * *
You feel very sick. The kobold misses you. Duvessa barely misses you.
It was a potion of curing.
You feel better. The kobold hits you but does no damage.
Duvessa hits you with a +4 short sword of venom.
* * * LOW HITPOINT WARNING * * *
You are lethally poisoned!
It was a potion of resistance.
You feel protected.
* * * LOW HITPOINT WARNING * * *
You feel very sick. The kobold hits you but does no damage.
Duvessa hits you with a +4 short sword of venom.
* * * LOW HITPOINT WARNING * * *
You are more poisoned.
It was a potion of flight.
You feel very buoyant.
You fly up into the air.
You die...

#........#........#.≈..
≈≈≈≈≈.........>..#..####+
.....≈≈≈≈≈≈≈..<.....#P../
######......≈........#8P.©
....#####.≈........#####
≈≈≈≈....#.≈............©
≈...≈≈≈.#.≈.............
##._≈.#.≈..########...
#...≈@#.≈.## ####
#...≈K#e≈.## #_.≈≈e#.≈.#
.###...#.≈.# ....####.≈.#
≈≈≈≈.....≈.# ....≈≈≈≈≈≈.#
####.......# ..########


You could see Duvessa, Dowan and a kobold.

Vanquished Creatures
  Grinder (D:3)
  Pargi (D:3)
  A phantom (D:2)
  Crazy Yiuf (D:2)
  A centaur skeleton (D:4)
  Jessica (D:2)
  Terence (D:3)
  4 gnolls
  5 adders
  2 worms
  2 dart slugs
  6 orcs
  5 ball pythons
  6 endoplasms
  2 giant cockroaches (D:1)
  4 goblins
  7 hobgoblins
  3 jackals (D:3)
  5 kobolds
  5 bats
  7 frilled lizards
  2 rats
72 creatures vanquished.

Vanquished Creatures (others)
  2 fungi (D:2)
2 creatures vanquished.

Grand Total: 74 creatures vanquished

Notes
Turn   | Place    | Note
-------+----------+-------------------------------------------
     0 | D:1      | Descartes the Formicid Fighter began the quest for the Orb.
     0 | D:1      | Reached XP level 1. HP: 18/18 MP: 1/1
   144 | D:1      | Reached XP level 2. HP: 24/24 MP: 2/2
   355 | D:1      | Found a faded altar of an unknown god.
   355 | D:1      | Noticed an eye of devastation
   359 | D:1      | Noticed a golden eye
   387 | D:1      | Noticed a golden eye
   444 | D:1      | Noticed a floating eye
   859 | D:2      | Reached XP level 3. HP: 19/29 MP: 3/3
  1165 | D:2      | Noticed Jessica
  1188 | D:2      | Killed Jessica
  1189 | D:2      | Reached skill level 1 in Evocations
  1189 | D:2      | Reached XP level 4. HP: 32/37 MP: 4/4
  1342 | D:2      | Reached XP level 5. HP: 42/42 MP: 5/5
  1470 | D:2      | Noticed a phantom
  1477 | D:2      | Killed a phantom
  1478 | D:2      | Reached skill level 1 in Hexes
  1478 | D:2      | Reached skill level 1 in Translocations
  1478 | D:2      | Reached XP level 6. HP: 40/48 MP: 6/6
  1570 | D:2      | Reached skill level 1 in Long Blades
  1891 | D:2      | Found a runed translucent door.
  1892 | D:2      | Noticed Crazy Yiuf
  1901 | D:2      | Killed Crazy Yiuf
  2282 | D:3      | Noticed Pargi
  2292 | D:3      | Killed Pargi
  2624 | D:3      | Noticed Terence
  2637 | D:3      | Killed Terence
  2638 | D:3      | Reached skill level 5 in Shields
  2839 | D:3      | Reached XP level 7. HP: 51/54 MP: 7/7
  2902 | D:3      | Noticed Grinder
  2915 | D:3      | Killed Grinder
  2973 | D:3      | Found an ornate altar of the Wu Jian Council.
  3258 | D:3      | Reached skill level 5 in Armour
  3484 | D:4      | Found a transporter.
  3485 | D:4      | Found a transporter.
  3686 | D:4      | Found a glowing silver altar of Zin.
  3689 | D:4      | Found a sparkling altar of Nemelex Xobeh.
  3693 | D:4      | Noticed Duvessa
  3693 | D:4      | Noticed Dowan
  3714 | D:4      | Succumbed to Duvessa's poison

Illustrated notes

Levels and vault maps discovered:
D:1:      dpeg_arrival_snail, layout_basic,
          hellmonk_ecumenical_altar_watching_god
D:2:      layout_basic, uniq_jessica, uniq_crazy_yiuf_cottage
D:3:      layout_basic, nicolae_wu_jian_immortal_techniques, minivault_27,
          uniq_terence, uniq_grinder, uniq_pargi
D:4:      gammafunk_wand_slinger, layout_rooms, fedhas_altar_fruit_tree,
          nicolae_overflow_squiral, uniq_duvessa, uniq_edmund

Skill      XL: |  1  2  3  4  5  6  7 |
---------------+----------------------+-----
Shields        | 4 5 |  5.5
Evocations     | 1 2 |  2.4
Armour         | 4 5 |  5.0
Hexes          | 1 2 |  2.3
Translocations | 1 |  1.7
Long Blades    | 1 2 |  2.6
Fighting       | 4 |  4.4
Axes           | |  2.4
Maces & Flails | |  0.6
Polearms       | |  0.8

Action                   |  1- 3 |  4- 6 |  7- 9 || total
-------------------------+-------+-------+-------++-------
Melee: War axe           |    48 |    23 |       ||    71
       Demon blade       |       |    63 |    66 ||   129
  Use: Potion            |       |       |     6 ||     6
Armor: Scale mail        |    27 |    37 |    38 ||   102
Dodge: Dodged            |    28 |    42 |    36 ||   106
Block: Buckler           |    19 |    24 |    16 ||    59
